 Dungeon Crawl Stone Soup version 0.24.1-11-gbbbb2193e6 (webtiles) character file.

Game seed: 3165532638828002655, levelgen mode: deterministic

481 grindst0ne the Skirmisher (level 6, -4/51 HPs)
             Began as a Mummy Fighter on May 15, 2020.
             Slain by an ogre
             ... wielding a +0 giant spiked club
              (17 damage)
             ... on level 5 of the Dungeon.
             The game lasted 00:04:39 (3579 turns).

grindst0ne the Skirmisher (Mummy Fighter)           Turns: 3579, Time: 00:04:40

Health: -4/51      AC:  6    Str: 20    XL:     6   Next: 87%
Magic:  6/6        EV:  7    Int: 11    God:
Gold:   219        SH:  9    Dex: 12    Spells: 5/5 levels left

rFire    x . .     SeeInvis +   l - +8 rapier "Fycexuq" {freeze, +Inv MR+ Int+3}
rCold    + . .     Gourm    .   c - +0 shield
rNeg     + + +     Faith    .   b - +0 scale mail
rPois    ∞         Spirit   .   (no helmet)
rElec    .         Reflect  .   (no cloak)
rCorr    .         Harm     .   (no gloves)
MR       ++...                  (no boots)
Stlth    ..........             (no amulet)
HPRegen  0.17/turn              d - ring of protection from magic
MPRegen  0.10/turn              g - ring of see invisible

@: no status effects
A: no food or potions, fire vulnerability, cold resistance 1, negative energy
resistance 3, torment resistance, unbreathing
a: Evoke Invisibility


You were on level 5 of the Dungeon.
You were not hungry.

You visited 1 branch of the dungeon, and saw 5 of its levels.

You collected 219 gold pieces.

Inventory:

Hand Weapons
 a - a +0 war axe
 h - a +0 broad axe
 l - the +8 rapier "Fycexuq" (weapon) {freeze, +Inv MR+ Int+3}
   (You found it on level 4 of the Dungeon)

   It has been specially enchanted to freeze those struck by it, causing extra
   injury to most foes and up to half again as much damage against particularly
   susceptible opponents.
   It can also slow down cold-blooded creatures.
   It affects your intelligence (+3).
   It affects your resistance to hostile enchantments.
   It lets you turn invisible.
Missiles
 p - 8 javelins (quivered)
Armour
 b - a +0 scale mail (worn)
 c - a +0 shield (worn)
 j - a +0 chain mail
Jewellery
 d - a ring of protection from magic (left hand)
 f - an uncursed ring of positive energy
 g - a ring of see invisible (right hand)
 m - an uncursed amulet of magic regeneration {unknown}
Scrolls
 e - 2 scrolls of immolation
 i - a scroll of remove curse
 k - a scroll of enchant weapon {unknown}
 n - a scroll of amnesia {unknown}
 o - a scroll of fear {unknown}


   Skills:
 + Level 5.0 Fighting
 + Level 3.7 Axes
 - Level 2.4 Armour
 + Level 4.2 Shields


You had 5 spell levels left.
You didn't know any spells.
Your spell library was empty.

Dungeon Overview and Level Annotations

Branches:
Dungeon (5/15)
 Temple: D:4-7

Altars:

Shops:
D:4 %


Innate Abilities, Weirdness & Mutations

You do not eat or drink.
Your flesh is vulnerable to fire.
You are immune to poison.
Your flesh is cold resistant. (rC+)
You are immune to negative energy. (rN+++)
You are immune to unholy pain and torment.
You can survive without breathing.


Message History

You closely miss the gnoll. You block the gnoll's attack. x2
You puncture the gnoll! You freeze the gnoll.
You kill the gnoll!
The gnoll hits you but does no damage.
You closely miss the orc.
You hear the slow rusting of a distant drain.
You block the orc's attack. You block the gnoll's attack.
The orc barely misses you.
You puncture the orc! You freeze the orc.
You kill the orc!
You block the gnoll's attack.
You hit the ogre. You freeze the ogre.
The ogre is moderately wounded.
The ogre barely misses you.
The gnoll hits you from afar with a +0 halberd.
* * * LOW HITPOINT WARNING * * *
You puncture the ogre! You freeze the ogre.
The ogre is almost dead.
The ogre hits you with a +0 giant spiked club!
You die...

# #....... ##.
#...... .. ....#.
......( .#... ..g
...###### #O#
#........ #@#
########.
#.###############.
#.............<...
#.###############.
#.# #. #.# #. #..
.. ### #. #.


You could see an ogre and a gnoll.

Vanquished Creatures
  A phantom (D:4)
  A howler monkey (D:4)
  A hound (D:4)
  3 bullfrog skeletons
  An orc wizard (D:4)
  2 worker ants (D:4)
  3 gnolls (D:5)
  4 adders
  An adder skeleton (D:4)
  4 worms
  3 leopard geckos
  14 orcs
  2 giant cockroaches
  4 goblins
  4 hobgoblins
  8 jackals
  3 kobolds
  A quokka (D:2)
  9 bats
  2 frilled lizards (D:1)
  5 rats
76 creatures vanquished.

Notes
Turn   | Place    | Note
-------+----------+-------------------------------------------
     0 | D:1      | grindst0ne the Mummy Fighter began the quest for the Orb.
     0 | D:1      | Reached XP level 1. HP: 18/18 MP: 1/1
   337 | D:1      | Reached XP level 2. HP: 18/24 MP: 2/2
   979 | D:2      | Reached XP level 3. HP: 27/29 MP: 3/3
  1826 | D:3      | Reached XP level 4. HP: 11/37 MP: 4/4
  2593 | D:4      | Reached skill level 4 in Fighting
  2593 | D:4      | Reached XP level 5. HP: 42/42 MP: 5/5
  2972 | D:4      | Got a faintly glowing rapier
  2986 | D:4      | Reached XP level 6. HP: 34/49 MP: 6/6
  2989 | D:4      | Identified the +8 rapier "Fycexuq" {freeze, +Inv MR+ Int+3}
                  | (You found it on level 4 of the Dungeon)
  3393 | D:4      | Found Guxoacof's Food Boutique.
  3400 | D:4      | Reached skill level 5 in Fighting
  3530 | D:5      | Entered Level 5 of the Dungeon
  3579 | D:5      | Slain by an ogre

Levels and vault maps discovered:
D:1:      minmay_arrival_arboretum_small, layout_basic, hangedman_feature_mirror
D:2:      layout_basic
D:3:      layout_loops_ring, first_ration, grunt_decor_resistance
D:4:      layout_cave_pools, serial_shops, shop, feat_on_display
D:5:      layout_loops_ring, old_standard_altar, gup_sewer_entry_spiral,
          serial_shops, shop

Skill      XL: |  1  2  3  4  5  6 |
---------------+-------------------+-----
Axes           | 2 3 |  3.7
Shields        | 3 4 |  4.2
Fighting       | 4 5 |  5.0
Armour         | |  2.4

Action                   |  1- 3 |  4- 6 || total
-------------------------+-------+-------++-------
Melee: Spear             |   166 |       ||   166
       War axe           |    19 |       ||    19
       Broad axe         |    11 |   109 ||   120
       Rapier            |       |    38 ||    38
  Use: Scroll            |     5 |     2 ||     7
Armor: Scale mail        |    69 |    71 ||   140
Dodge: Dodged            |    69 |    52 ||   121
Block: Shield            |    78 |   104 ||   182
